 Dungeon Crawl Stone Soup version 0.30-a0-373-gd37427bb62 (webtiles) character file.

Game seed: 17036423735245452610

1241 purpskrrrp the Magician (level 8, -5/37 (41) HPs)
             Began as a Deep Elf Conjurer on Nov 25, 2022.
             Was an Initiate of Nemelex Xobeh.
             Slain by a wight
             ... wielding a +3 scimitar
              (13 damage)
             ... on level 6 of the Dungeon.
             The game lasted 00:11:06 (5317 turns).

purpskrrrp the Magician (Deep Elf Conjurer)         Turns: 5317, Time: 00:11:06

HP:   -5/37 (41)    AC: 11    Str:  4    XL:     8   Next: 25%
MP:   21/21         EV: 14    Int: 26    God:    Nemelex Xobeh [......]
Gold: 210           SH:  5    Dex: 13    Spells: 19/22 levels left

rFire   . . .      SeeInvis .    c - +2 long sword
rCold   . . .      Faith    .    (no shield)
rNeg    . . .      Spirit   .    a - +0 robe
rPois   .          Reflect  +    f - +0 helmet
rElec   .          Harm     .    (no cloak)
rCorr   .          Rampage  .    (no gloves)
Will    .....                    (no boots)
Stlth   +++.......               t - amulet of reflection
HPRegen 0.26/turn                m - +4 ring of protection
MPRegen 0.17/turn                b - +4 ring of protection

@: drained
A: no striking features
a: Renounce Religion, Draw Escape, Draw Destruction, Draw Summoning


You were on level 6 of the Dungeon.
You worshipped Nemelex Xobeh.
Nemelex Xobeh was noncommittal.
You visited 1 branch of the dungeon, and saw 6 of its levels.

You collected 210 gold pieces.

Inventory:

Hand Weapons
 c - a +2 long sword (weapon)
Armour
 a - a +0 robe (worn)
 f - a +0 helmet (worn)
Jewellery
 b - a +4 ring of protection (right hand)
 d - a ring of ice
 m - a +4 ring of protection (left hand)
 n - a ring of poison resistance
 p - a ring of willpower
 t - an amulet of reflection (around neck)
 u - a ring of ice
 y - a ring of magical power
Wands
 e - a wand of paralysis (10)
 w - a wand of roots (3)
 C - a wand of quicksilver (8)
Scrolls
 h - 3 scrolls of vulnerability
 r - a scroll of blinking
 s - a scroll of amnesia
 v - a scroll of magic mapping
 z - a scroll of identify
 A - a scroll of brand weapon {unknown}
 B - a scroll of summoning {unknown}
 D - a scroll of immolation {unknown}
Potions
 g - a potion of flight
 i - a potion of mutation
 j - a potion of attraction
 k - a potion of curing
 l - a potion of lignification
 o - 2 potions of heal wounds
 q - a potion of cancellation {unknown}
 x - 2 potions of might {unknown}


   Skills:
 + Level 6.0 Dodging
 + Level 6.5 Stealth
 * Level 7.5 Spellcasting
 + Level 6.7 Conjurations
 + Level 2.1 Invocations


You had 19 spell levels left.
You knew the following spells:

 Your Spells              Type           Power      Damage    Failure   Level
a - Magic Dart            Conj           100%       1d8       1%          1
b - Searing Ray           Conj           90%        2d7       1%          2

Your spell library contained the following spells:

 Spells                   Type           Power      Damage    Failure   Level
 Dazzling Flash           Conj/Hex       54%        N/A       4%          3
 Slow                     Hex            36%        N/A       6%          1
 Summon Small Mammal      Summ           36%        N/A       6%          1
 Fulminant Prism          Conj/Hex       13%        3d8       14%         4
 Iskenderun's Mystic Bla  Conj/Tloc      27%        2d7       14%         4
 Call Canine Familiar     Summ           9%         N/A       19%         3
 Confusing Touch          Hex            9%         N/A       19%         3
 Summon Guardian Golem    Hex/Summ       9%         N/A       19%         3
 Vampiric Draining        Necr           9%         2d6       19%         3


Dungeon Overview and Level Annotations

Branches:
Dungeon (6/15)             Temple (0/1) D:4

Altars:
Nemelex Xobeh
Ru
Vehumet
Yredelemnul

Shops:
D:1 *   D:5 *

Annotations:
D:1 1 transporter


Message History

You destroy the phantom!
A wight comes into view. It is wielding a +5 battleaxe.
Your Invocations skill increases to level 2!
You slash the wight!
The wight is heavily damaged.
A wight comes into view. It is wielding a +3 scimitar.
The wight closely misses you. The wight barely misses you.
A wight comes into view.
It is wielding a +5 hand axe and wearing a +0 robe of positive energy.
You barely miss the wight.
The wight is heavily damaged.
The wight closely misses you.
You hit the wight but do no damage.
The wight is heavily damaged.
The wight misses you.
You barely miss the wight.
The wight is heavily damaged.
The wight barely misses you.
You hit the wight.
The wight is severely damaged.
The wight hits you with a +3 scimitar. You block the wight's attack.
You barely miss the wight.
The wight is severely damaged.
The wight hits you with a +3 scimitar!
You feel drained. The wight closely misses you.
The wight hits you but does no damage. You block the wight's attack.
You hit the wight.
The wight is almost destroyed.
The wight barely misses you. You block the wight's attack.
You hit the wight.
You destroy the wight!
Your life force feels restored.
Your Dodging skill increases to level 6!
You closely miss the wight. The wight hits you with a +3 scimitar!
You feel drained. The wight hits you with a +5 battleaxe.
* * * LOW HITPOINT WARNING * * *
You feel drained.
* * * LOW HITPOINT WARNING * * *
The wight hits you with a +3 scimitar!
You die...
Your body disappears without a glow.

##### #....
###############.###
#z@................
#z#############.###
#z #.##. #) #.##.
#. #.... #. ####.
#. ... #. ###. #.


You could see 3 wights.

Vanquished Creatures
  Grinder (D:3)
  An ice beast (D:5)
  A black bear (D:5)
  A kobold brigand (D:4)
  2 phantoms
  A necrophage (D:4)
  A wight (D:6)
  A howler monkey (D:5)
  A hound (D:5)
  An orc priest (D:3)
  Terence (D:3)
  Jessica (D:3)
  2 iguanas
  2 orc wizards
  6 gnolls
  9 adders
  An ufetubus (D:6)
  2 worms (D:2)
  2 dart slugs
  18 orcs
  7 bats
  5 endoplasms
  3 giant cockroaches
  11 goblins
  10 hobgoblins
  8 jackals
  16 kobolds
  3 ball pythons
  3 frilled lizards
  2 rats (D:2)
123 creatures vanquished.

Notes
Turn   | Place    | Note
-------+----------+-------------------------------------------
     0 | D:1      | purpskrrrp the Deep Elf Conjurer began the quest for the
                  | Orb.
     0 | D:1      | Reached XP level 1. HP: 10/10 MP: 6/6
   413 | D:1      | Reached XP level 2. HP: 15/15 MP: 6/8
   715 | D:1      | Found Biarun's General Store.
  1099 | D:2      | Reached XP level 3. HP: 19/19 MP: 3/10
  1581 | D:2      | Reached XP level 4. HP: 24/24 MP: 8/11
  1664 | D:2      | Reached skill level 4 in Spellcasting
  1762 | D:2      | Reached skill level 5 in Conjurations
  1968 | D:2      | Learned a level 2 spell: Searing Ray
  2215 | D:3      | Noticed Terence
  2217 | D:3      | Noticed Grinder
  2230 | D:3      | Killed Terence
  2235 | D:3      | Paralysed by Grinder for 5 turns
  2242 | D:3      | Killed Grinder
  2243 | D:3      | Reached skill level 5 in Spellcasting
  2243 | D:3      | Reached XP level 5. HP: 8/28 MP: 7/14
  2243 | D:3      | Reached XP level 6. HP: 9/32 MP: 7/15
  2650 | D:3      | Found a faded altar of an unknown god.
  2696 | D:3      | HP: 2/48 [orc/+0 long sword (2)]
  2700 | D:3      | Reached skill level 5 in Stealth
  3051 | D:3      | Noticed Jessica
  3061 | D:3      | Killed Jessica
  3268 | D:4      | Reached skill level 5 in Dodging
  3268 | D:4      | Reached XP level 7. HP: 36/36 MP: 9/17
  3369 | D:4      | Found a staircase to the Ecumenical Temple.
  3449 | D:4      | Found a sacrificial altar of Ru.
  3449 | D:4      | Found a basalt altar of Yredelemnul.
  3597 | D:4      | Reached skill level 6 in Spellcasting
  3697 | D:4      | Found a sparkling altar of Nemelex Xobeh.
  3735 | D:4      | You fall into a shaft and drop 1 floor!
  3735 | D:5      | Entered Level 5 of the Dungeon
  3781 | D:4      | Became a worshipper of Nemelex Xobeh the Trickster
  4607 | D:5      | Reached skill level 1 in Invocations
  4710 | D:5      | Found Ashruxite's Neck Hole.
  4736 | D:5      | Reached XP level 8. HP: 41/41 MP: 14/20
  4826 | D:5      | Found a radiant altar of Vehumet.
  4886 | D:5      | Reached skill level 7 in Spellcasting
  5317 | D:6      | Slain by a wight

Illustrated notes

Levels and vault maps discovered:
D:1:      spicycebolla_arrival_risky_transporter, layout_loops_ring,
          serial_shops, shop
D:2:      layout_loops_ring
D:3:      layout_basic, shapermc_ecumenical_altar_notcrosses, serial_glass,
          glass_columns_a, glass_columns_b, uniq_grinder, uniq_terence,
          uniq_jessica
D:4:      cheibrodos_thug_alley, layout_cave_pools,
          chequers_temple_overflow_statue_of_worship,
          nemelex_diamond_rough_becter, minmay_temple_entry_antechambers
D:5:      layout_loops_ring, vehumet_crystals, minmay_misc_feat_doors,
          nicolae_shop_sticking_my_neck_out, uniq_duvessa
D:6:      layout_basic, kennysheep_mini, nzn_hepliaklqana_mist_gate,
          serial_shops, shop, minmay_tree_intersection

Skill      XL: |  1  2  3  4  5  6  7  8 |
---------------+-------------------------+-----
Stealth        | 3 4 5 6 |  6.5
Dodging        | 3 4 5 6 |  6.0
Spellcasting   | 5 6 7 |  7.5
Conjurations   | 5 6 |  6.7
Invocations    | 1 2 |  2.1

Action                   |  1- 3 |  4- 6 |  7- 9 || total
-------------------------+-------+-------+-------++-------
Melee: Unarmed           |     5 |       |       ||     5
       Long sword        |    11 |    20 |    59 ||    90
       Punch             |       |       |     1 ||     1
 Cast: Magic Dart        |    64 |    95 |   107 ||   266
       Searing Ray       |       |     8 |     4 ||    12
  Use: Potion            |       |     2 |       ||     2
       Scroll            |       |     1 |    10 ||    11
Armor: Robe              |       |     9 |    41 ||    50
       Skin              |       |    19 |       ||    19
Dodge: Dodged            |    14 |    19 |    41 ||    74
Block: Other             |       |       |     4 ||     4

Table legend: (Time is in decaauts)
 A = Elapsed time spent in this place.
 B = Non-inter-level travel time spent in this place.
 C = Inter-level travel time spent in this place.
 D = Time resting spent in this place.
 E = Time spent auto-exploring this place.
 F = Levels seen in this place.
 G = Mean time per level.
                   A        B        C        D        E       F      G
               +--------+--------+--------+--------+--------+-----+--------+
         Total |   5350 |   5150 |    200 |    222 |   4155 |   6 |  891.7 |
       Dungeon |   5350 |   5150 |    200 |    222 |   4155 |   6 |  891.7 |
               +--------+--------+--------+--------+--------+-----+--------+

Top non-repeatable levels by time:
     D:3: 1269 daAuts
     D:4: 1214 daAuts
     D:1: 1056 daAuts
     D:2: 947 daAuts
     D:5: 776 daAuts
     D:6: 85 daAuts
